 Dungeon Crawl Stone Soup version 0.19.1 (webtiles) character file.

84 Idleism the Skirmisher (level 4, -7/40 HPs)
             Began as a Minotaur Fighter on Dec 4, 2016.
             Killed from afar by Ijyb (12 damage)
             ... with a wand of lightning
             ... on level 3 of the Dungeon.
             The game lasted 00:03:53 (1966 turns).

Idleism the Skirmisher (Minotaur Fighter)           Turns: 1966, Time: 00:03:53

Health: -7/40      AC:  7    Str: 22    XL:     4   Next: 24%
Magic:  3/3        EV:  7    Int:  5    God:
Gold:   104        SH:  9    Dex:  9    Spells: 0 memorised, 3 levels left

rFire  . . .     SeeInvis .     i - +0 hand axe
rCold  . . .     Gourm    .     b - +1 scale mail
rNeg   . . .     Faith    .     c - +0 shield
rPois  .         Spirit   .     (helmet restricted)
rElec  .         Reflect  .     (no cloak)
rCorr  .         Harm     .     (no gloves)
MR     .....                    m - +0 pair of boots (curse)
Stlth  ..........               (no amulet)
                                (no ring)
                                l - -2 ring of protection (curse)

@: no status effects
A: retaliatory headbutt, horns 2
a: no special abilities


You were on level 3 of the Dungeon.
You were not hungry.

You visited 1 branch of the dungeon, and saw 3 of its levels.

You collected 104 gold pieces.

Inventory:

Hand Weapons
 i - a +0 hand axe (weapon)
Armour
 b - a +1 scale mail (worn)
 c - a +0 shield (worn)
 m - a cursed +0 pair of boots (worn)
Jewellery
 l - a cursed -2 ring of protection (left hand)
Scrolls
 a - 3 scrolls of identify {unknown}
 e - a scroll of enchant armour
 h - a scroll of remove curse {unknown}
Potions
 d - 2 potions of might
 g - a potion of ambrosia {unknown}
Comestibles
 f - 5 bread rations
 j - a beef jerky


   Skills:
 - Level 4.2 Fighting
 + Level 4.1 Axes
 - Level 4.1 Armour
 - Level 0.2 Dodging
 - Level 4.1 Shields


You had 3 spell levels left.
You didn't know any spells.

Dungeon Overview and Level Annotations

Branches:
Dungeon (3/15)

Altars:
Sif Muna

Annotations:
D:3 Ijyb; Philosophy's ghost, amateur MfGl


Innate Abilities, Weirdness & Mutations

You reflexively headbutt those who attack you in melee.
You have a pair of horns on your head.


Message History

Level annotation: Philosophy's ghost, amateur MfGl Ijyb the Twisted Goblin comes into view.
Ijyb shouts!
You block Ijyb's attack. Ijyb barely misses you.
Found 18 sling bullets and 17 stones.
There is a stone staircase leading up here.
You hit Ijyb. You headbutt Ijyb!
Ijyb is heavily wounded.
Ijyb zaps a wand.
The bolt of lightning hits you!
Ouch! That really hurt!
It is a wand of lightning.
You closely miss Ijyb.
Ijyb is heavily wounded.
Ijyb barely misses you.
Your shield and scale mail prevent you from hitting Ijyb.
Ijyb is heavily wounded.
Ijyb zaps a wand.
The bolt of lightning hits you!
* * * LOW HITPOINT WARNING * * *
Ijyb zaps a wand.
The bolt of lightning hits you!
You die...

#...#...####
...........#
#..........#
(..........#
#..........#
#..........#
#..........#
#......@...#
#......g...#
#..........#
#..........#
############


You could see Ijyb.

Vanquished Creatures
  Terence (D:3)
  2 adders (D:2)
  A worm (D:2)
  A dart slug (D:1)
  6 giant cockroaches
  5 goblins
  3 hobgoblins
  A ball python (D:1)
  5 bats
  2 frilled lizards
  7 kobolds
  7 rats
41 creatures vanquished.

Notes
Turn   | Place    | Note
-------+----------+-------------------------------------------
     0 | D:1      | Idleism the Minotaur Fighter began the quest for the Orb.
     0 | D:1      | Reached XP level 1. HP: 19/19 MP: 0/0
   258 | D:1      | Reached XP level 2. HP: 27/27 MP: 1/1
   883 | D:2      | Reached XP level 3. HP: 20/33 MP: 2/2
  1086 | D:2      | Found a deep blue altar of Sif Muna.
  1749 | D:3      | Noticed Terence
  1756 | D:3      | Killed Terence
  1756 | D:3      | Reached XP level 4. HP: 40/40 MP: 3/3
  1763 | D:3      | Noticed Philosophy's ghost (amateur MfGl)
  1962 | D:3      | Noticed Ijyb
  1966 | D:3      | Killed from afar by Ijyb

Skill      XL: |  1  2  3 |
---------------+----------+-----
Armour         | 4 |  4.1
Fighting       | 4 |  4.2
Shields        | 4 |  4.1
Axes           | 4 |  4.1
Dodging        | |  0.2

Action                   |  1- 3 |  4- 6 || total
-------------------------+-------+-------++-------
Melee: War axe           |    15 |       ||    15
       Hand axe          |    77 |    13 ||    90
       Headbutt          |    18 |     3 ||    21
  Use: Scroll            |     3 |       ||     3
       Potion            |     2 |       ||     2
  Eat: Chunk             |     3 |       ||     3
Armor: Scale mail        |    38 |     1 ||    39
Dodge: Dodged            |    28 |     3 ||    31
Block: Shield            |    40 |     8 ||    48
